 Dungeon Crawl Stone Soup version 0.30.1-9-gdf580d7c3d (webtiles) character file.

Game seed: 6311674191789967383

623 KittyFluff the Cudgeller (level 7, -2/66 HPs)
             Began as a Gargoyle Berserker on Oct 19, 2023.
             Was a Priest of Trog.
             Slain by a water moccasin (5 damage)
             ... on level 5 of the Dungeon.
             The game lasted 00:13:41 (4012 turns).

KittyFluff the Cudgeller (Gargoyle Berserker)       Turns: 4012, Time: 00:13:42

Health: -2/66      AC:  4    Str: 29    XL:     7   Next: 47%
Magic:  7/7        EV: 12    Int:  7    God:    Trog [***...]
Gold:   356        SH:  0    Dex:  9    Spells: 6/6 levels left

rFire   . . .        a - +0 mace
rCold   . . .        (no shield)
rNeg    + . .        f - +0 leather armour
rPois   ∞            (no helmet)
rElec   +            (no cloak)
rCorr   .            (no gloves)
SInv    .            (no boots)
Will    .....        (no amulet) Stlth
                     q - +6 ring of strength
HPRegen 0.31/turn    (no ring)
MPRegen 0.10/turn

%: no passive effects
@: berserking, corroded, very quick
A: sickness immunity, AC +4, negative energy resistance 1, electricity
resistance, torment resistance 1, petrification resistance
a: Renounce Religion, Berserk, Trog's Hand


You were on level 5 of the Dungeon.
You worshipped Trog.
Trog was most pleased with you.
You visited 1 branch of the dungeon, and saw 5 of its levels.
You also visited: Sewer.

You collected 356 gold pieces.

Inventory:

Hand Weapons
 a - a +0 mace (weapon)
 v - a +0 sling
Missiles
 h - 9 javelins
 o - 5 boomerangs (quivered)
 r - 13 poisoned darts
Armour
 f - a +0 leather armour (worn)
Jewellery
 q - a +6 ring of strength (left hand)
 B - an amulet of magic regeneration
Wands
 s - a wand of mindburst (15)
 x - a wand of flame (1)
 A - a wand of iceblast (13)
Scrolls
 b - a scroll of enchant weapon {unknown}
 c - 3 scrolls of identify {unknown}
 i - a scroll of enchant armour {unknown}
 j - 2 scrolls of immolation {unknown}
 l - a scroll of fear {unknown}
 m - 4 scrolls of vulnerability {unknown}
 t - 2 scrolls of amnesia {unknown}
 y - 2 scrolls of teleportation {unknown}
 C - a scroll of noise {unknown}
Potions
 d - a potion of heal wounds {unknown}
 e - a potion of brilliance {unknown}
 g - a potion of attraction {unknown}
 k - 2 potions of mutation {unknown}
 n - 5 potions of curing {unknown}
 p - 2 potions of degeneration {unknown}
 u - a potion of flight {unknown}
 w - a potion of berserk rage
 z - a potion of lignification {unknown}


   Skills:
 + Level 4.7 Fighting
 * Level 5.4 Maces & Flails
 * Level 5.2 Armour
 + Level 3.0 Dodging


You had 6 spell levels left.
You didn't know any spells.
Your spell library was empty.

Dungeon Overview and Level Annotations

Branches:
Dungeon (5/15)             Temple (0/1) D:4           Sewer (visited)

Altars:
Ashenzari
Cheibriados
Sif Muna
Zin


Innate Abilities, Weirdness & Mutations

You are immune to sickness and miasma.
Your stone body is resilient. (AC +4)
You are immune to poison.
You resist negative energy. (rN+)
You are resistant to electric shocks. (rElec)
You are resistant to unholy torment.
You are immune to petrification.


Message History

C - a scroll labelled HIRAF PAUHOF
Found 16 gold pieces.
You now have 356 gold pieces (gained 16).
There is an open door, spattered with blood here.
You see here an iguana corpse.
You see here 6 stones.
Found a plate armour and a quarterstaff.
A jelly comes into view.
The jelly quivers.
A water moccasin comes into view.
The water moccasin hisses angrily.
The jelly closely misses you.
You hit the jelly.
Your hands burn!
The jelly is lightly wounded.
The jelly hits you but does no damage.
You thump the jelly! The acid corrodes you!
Your hands burn!
The jelly is almost dead.
The water moccasin closely misses you. The jelly hits you but does no damage.
You hit the jelly but do no damage.
Your hands burn!
The jelly is almost dead.
The water moccasin barely misses you. The jelly hits you.
You are splashed with acid!
The water moccasin bites you.
You hit the jelly but do no damage.
Your hands burn!
The jelly is almost dead.
The jelly closely misses you. The water moccasin bites you.
* * * LOW HITPOINT WARNING * * *
A red film seems to cover your vision as you go berserk!
You feel yourself moving faster!
You feel mighty! The water moccasin bites you.
* * * LOW HITPOINT WARNING * * *
The jelly hits you but does no damage.
The water moccasin bites you but does no damage.
You bludgeon the jelly!!
You kill the jelly!
Trog accepts your kill. The water moccasin bites you!
* * * LOW HITPOINT WARNING * * *
You sock the water moccasin!
The water moccasin is moderately wounded.
The water moccasin bites you.
You die...

... #........# .......
#........#
.......##..).....#
.......+.........#
.......##>......########
#.........^..........>..
#...[......#.....#######
#.....S...(##........###
.......@...##..........#
#..........##..♣♣......#
#.........)##..♣♣.♣.....
#..........##..♣.♣...##.
#..........##...♣.♣..##.
#..........##....:....#.
#############...(.......
#######.#... #.....


You could see a water moccasin.

Vanquished Creatures
  Pargi (Sewer)
  An ogre (D:4)
  A phantom (D:5)
  A scorpion (D:5)
  A hound (D:5)
  A jelly (D:5)
  3 iguanas
  7 adders
  A shadow imp (D:5)
  2 ufetubi
  3 worms
  2 dart slugs
  10 endoplasms
  6 giant cockroaches
  6 goblins
  6 hobgoblins
  4 jackals
  3 quokkas
  9 ball pythons
  8 bats
  6 frilled lizards
  7 kobolds
  4 rats
93 creatures vanquished.

Notes
Turn   | Place    | Note
-------+----------+-------------------------------------------
     0 | D:1      | KittyFluff the Gargoyle Berserker began the quest for the
                  | Orb.
     0 | D:1      | Reached XP level 1. HP: 14/14 MP: 1/1
   155 | D:1      | Reached XP level 2. HP: 10/19 MP: 2/2
   731 | D:2      | Reached XP level 3. HP: 9/23 MP: 3/3
   834 | D:2      | Reached ** piety under Trog
   884 | D:2      | Found a snail-covered altar of Cheibriados.
  1072 | D:2      | Found a faded altar of an unknown god.
  1091 | D:2      | Reached XP level 4. HP: 26/29 MP: 4/4
  2144 | D:4      | Reached *** piety under Trog
  2168 | D:4      | Found a glowing drain.
  2181 | D:4      | Reached XP level 5. HP: 30/33 MP: 5/5
  2194 | Sewer    | Entered a sewer
  2247 | Sewer    | Noticed Pargi
  2269 | Sewer    | Killed Pargi
  2270 | Sewer    | Reached XP level 6. HP: 18/38 MP: 6/6
  3134 | D:4      | Found a staircase to the Ecumenical Temple.
  3271 | D:5      | Entered Level 5 of the Dungeon
  3291 | D:5      | Reached skill level 5 in Maces & Flails
  3291 | D:5      | Reached XP level 7. HP: 17/44 MP: 7/7
  3477 | D:5      | Found a broken altar of Ashenzari.
  3554 | D:5      | Reached skill level 5 in Armour
  3691 | D:5      | Found a shimmering blue altar of Sif Muna.
  3721 | D:5      | Found a glowing silver altar of Zin.
  4011 | D:5      | HP: 3/66 [water moccasin (8)]
  4012 | D:5      | Slain by a water moccasin

Illustrated notes

Levels and vault maps discovered:
D:1:      minmay_arrival_five_plusses, layout_rooms, minivault_19,
          interstate_on_off
D:2:      layout_basic, chequers_ecumenical_altar_simple_redux, basic_altar,
          nicolae_figureground_pulse
D:3:      minmay_bubble_buster, layout_rooms
D:4:      layout_layer_cave, minmay_temple_entry_purple_smoke,
          gup_sewer_entry_glass
D:5:      layout_basic, led_sif_pool, nicolae_ashenzari_skybound, zin_academy,
          chequers_garden

Skill      XL: |  1  2  3  4  5  6  7 |
---------------+----------------------+-----
Armour         | 3 4 5 |  5.2
Dodging        | 2 3 |  3.0
Maces & Flails | 4 5 |  5.4
Fighting       | 4 |  4.7

Action                     |  1- 3 |  4- 6 |  7- 9 || total
---------------------------+-------+-------+-------++-------
  Melee: Mace              |   104 |   195 |    45 ||   344
         Punch             |     3 |     2 |     2 ||     7
 Invoke: Berserk           |       |     1 |     1 ||     2
 Armour: Animal skin       |     9 |       |       ||     9
         Leather armour    |    25 |   124 |    21 ||   170
  Dodge: Dodged            |    67 |   146 |    30 ||   243
